 Dungeon Crawl Stone Soup version 0.30-a0-1124-g6e8f0f562f (webtiles) character file.

Game seed: 18286463039556821187

291 bande the Trooper (level 6, -3/39 HPs)
             Began as a Gargoyle Fighter on Apr 23, 2023.
             Killed from afar by an orc wizard (6 damage)
             ... with a puff of flame
             ... on level 3 of the Dungeon.
             The game lasted 00:05:39 (2806 turns).

bande the Trooper (Gargoyle Fighter)                Turns: 2806, Time: 00:05:40

Health: -3/39      AC: 11    Str: 19    XL:     6   Next: 32%
Magic:  6/6        EV:  9    Int:  9    God:
Gold:   126        SH:  4    Dex: 11    Spells: 5/5 levels left

rFire   . . .        a - +0 war axe
rCold   . . .        c - +0 buckler
rNeg    + . .        b - +0 scale mail
rPois   ∞            (no helmet)
rElec   +            (no cloak)
rCorr   .            (no gloves)
SInv    .            (no boots)
Will    .....        e - amulet of faith Stlth
                     (no ring)
HPRegen 0.26/turn    (no ring)
MPRegen 0.10/turn

%: faith
@: no status effects
A: sickness immunity, AC +4, negative energy resistance 1, electricity
resistance, torment resistance 1, petrification resistance
a: no special abilities


You were on level 3 of the Dungeon.
You visited 1 branch of the dungeon, and saw 3 of its levels.
You also visited: Sewer.

You collected 126 gold pieces.

Inventory:

Hand Weapons
 a - a +0 war axe (weapon)
 q - a +0 flail
Armour
 b - a +0 scale mail (worn)
 c - a +0 buckler (worn)
Jewellery
 e - an amulet of faith (around neck)
Scrolls
 f - 3 scrolls of magic mapping
 g - 2 scrolls of fog {unknown}
 h - 4 scrolls of fear {unknown}
 i - a scroll of blinking {unknown}
 k - 3 scrolls of amnesia {unknown}
 m - a scroll of vulnerability {unknown}
 o - a scroll of torment {unknown}
 r - a scroll of noise {unknown}
 v - a scroll of teleportation {unknown}
Potions
 d - 3 potions of might
 j - a potion of degeneration {unknown}
 l - 5 potions of cancellation {unknown}
 n - a potion of lignification {unknown}
 p - 3 potions of heal wounds {unknown}
 s - 2 potions of haste {unknown}
 t - a potion of experience {unknown}
 u - a potion of brilliance {unknown}


   Skills:
 + Level 4.4 Fighting
 + Level 4.4 Axes
 + Level 4.2 Armour
 + Level 4.1 Shields


You had 5 spell levels left.
You didn't know any spells.
Your spell library contained the following spells:

 Spells                   Type           Power      Damage    Failure   Level
 Apportation              Tloc           0%         N/A       82%         1
 Freeze                   Ice            0%         1d3       82%         1
 Necrotise                Necr           0%         1d4       82%         1
 Summon Small Mammal      Summ           0%         N/A       82%         1
 Frozen Ramparts          Ice            0%         1d1       99%         3
 Hailstorm                Conj/Ice       0%         3d3       99%         3
 Petrify                  Tmut/Erth      0%         N/A       100%        4
 Metabolic Englaciation   Hex/Ice        0%         N/A       100%        5
 Statue Form              Tmut/Erth      Unusable   N/A       N/A         6

Dungeon Overview and Level Annotations

Branches:
Dungeon (3/15)              Sewer (visited)

Altars:


Innate Abilities, Weirdness & Mutations

You are immune to sickness and miasma.
Your stone body is resilient. (AC +4)
You are immune to poison.
You resist negative energy. (rN+)
You are resistant to electric shocks. (rElec)
You are resistant to unholy torment.
You are immune to petrification.


Message History

The kobold hits you with a +0 dagger.
You closely miss something. You miss the kobold.
The kobold hits you with a +0 dagger.
You hear some strange, mumbled words.
You are more confused.
The kobold attacks as you move away! The kobold closely misses you.
You closely miss the kobold. You closely miss something.
The kobold hits you but does no damage.
You hear some strange, mumbled words.
A puff of flame appears from out of thin air!
The puff of flame hits you! The kobold hits you with a +0 dagger.
You hear some strange, mumbled words.
A magic dart appears from out of thin air!
The magic dart hits you!
* * * LOW HITPOINT WARNING * * *
Unknown command.
You barely miss the kobold. You completely miss something.
The kobold hits you but does no damage.
You hear some strange, mumbled words.
Something tries to affect you, but you resist.
You miss the kobold. You completely miss something.
The kobold closely misses you.
You hear some strange, mumbled words.
Something tries to affect you, but you resist.
The kobold barely misses you. Something hits you but does no damage.
You hit the kobold.
You kill the kobold!
You closely miss something.
You feel less confused. Something hits you but does no damage.
Something hits you but does no damage.
You see here a +0 dagger.
You hear some strange, mumbled words.
A magic dart appears from out of thin air!
The magic dart hits you.
* * * LOW HITPOINT WARNING * * *
You hear some strange, mumbled words.
A puff of flame appears from out of thin air!
The puff of flame hits you.
You die...

#.# #..#.#.#†#.## #)#
#..........# #.#
#..#.#.#.#.#* #.#
##..........# #.#
#.#.#.#.#..#
#.########..........#
#.#..........####....
#.#){.......*****,***
#.#.@.......,,,,*,* *
#.#)).......,,,,*,***
#...........,,,,,,,,*
##########..,,,,*,*,*
**#*,,,*,*,*
*,*,*,*,* *,*,*,*,*
*,*,*,,,, *,*,***,*


There were no monsters in sight!

Vanquished Creatures
  Jessica (D:2)
  7 adders
  3 gnolls (D:2)
  5 river rats (Sewer)
  2 worms (D:3)
  6 orcs (D:3)
  2 endoplasms
  4 giant cockroaches
  11 hobgoblins
  3 jackals (D:2)
  24 kobolds
  2 quokkas
  10 ball pythons
  4 bats
  5 frilled lizards
  7 goblins
  29 rats
125 creatures vanquished.

Notes
Turn   | Place    | Note
-------+----------+-------------------------------------------
     0 | D:1      | bande the Gargoyle Fighter began the quest for the Orb.
     0 | D:1      | Reached XP level 1. HP: 14/14 MP: 1/1
   120 | D:1      | Reached XP level 2. HP: 19/19 MP: 2/2
   771 | D:2      | Reached XP level 3. HP: 17/24 MP: 3/3
   934 | D:2      | Noticed Jessica
   939 | D:2      | Killed Jessica
   940 | D:2      | Reached XP level 4. HP: 29/29 MP: 4/4
  1013 | D:2      | Found a faded altar of an unknown god.
  1488 | D:3      | Identified a scroll of acquirement
  1488 | D:3      | Acquired an amulet of faith
  1587 | D:3      | Reached XP level 5. HP: 33/33 MP: 5/5
  1730 | D:3      | Found a glowing drain.
  1736 | Sewer    | Entered a sewer
  2200 | Sewer    | Reached XP level 6. HP: 39/39 MP: 6/6
  2806 | D:3      | Killed from afar by an orc wizard

Illustrated notes

Levels and vault maps discovered:
D:1:      onia_arrival_handbag, layout_basic, serial_curves, eino_curves_01,
          eino_curves_03, minmay_door_square
D:2:      layout_rooms, hellmonk_ecumenical_altar_blasted,
          nicolae_elevator_lobby_asterisk, uniq_jessica
D:3:      layout_basic, serial_glass, glass_columns_c, glass_columns_b,
          portal_sewer_entry_e

Skill      XL: |  1  2  3  4  5  6 |
---------------+-------------------+-----
Axes           | 2 3 4 |  4.4
Fighting       | 4 |  4.4
Armour         | 4 |  4.2
Shields        | 4 |  4.1

Action                     |  1- 3 |  4- 6 || total
---------------------------+-------+-------++-------
  Melee: War axe           |    82 |   229 ||   311
    Use: Scroll            |       |     2 ||     2
 Armour: Scale mail        |    51 |   140 ||   191
  Dodge: Dodged            |    59 |   124 ||   183
  Block: Buckler           |    25 |    68 ||    93

Table legend: (Time is in decaauts)
 A = Elapsed time spent in this place.
 B = Non-inter-level travel time spent in this place.
 C = Inter-level travel time spent in this place.
 D = Time resting spent in this place.
 E = Time spent auto-exploring this place.
 F = Levels seen in this place.
 G = Mean time per level.
                   A        B        C        D        E       F      G
               +--------+--------+--------+--------+--------+-----+--------+
         Total |   2937 |   2906 |     31 |    331 |   1706 |   4 |  734.2 |
       Dungeon |   2140 |   2109 |     31 |    154 |   1315 |   3 |  713.3 |
         Sewer |    797 |    797 |      0 |    177 |    391 |   1 |  797.0 |
               +--------+--------+--------+--------+--------+-----+--------+

Top non-repeatable levels by time:
   Sewer: 797 daAuts
     D:1: 780 daAuts
     D:2: 743 daAuts
     D:3: 616 daAuts
